 Dungeon Crawl Stone Soup version 0.30-a0-862-g1aabd4f9c5 (webtiles) character file.

Game seed: 18271165856102335545

14988 dracfodder the Cleaver (level 12, -3/75 HPs)
             Began as a Gargoyle Fighter on Mar 8, 2023.
             Slain by Amaemon
             ... wielding a -1 demon whip of venom
              (8 damage)
             ... on level 1 of the Lair of Beasts on Mar 9, 2023.
             The game lasted 00:38:01 (10438 turns).

dracfodder the Cleaver (Gargoyle Fighter)          Turns: 10438, Time: 00:38:02

Health: -3/75      AC: 31    Str: 27    XL:     12   Next: 22%
Magic:  12/12      EV:  7    Int: 12    God:
Gold:   512        SH: 11    Dex:  9    Spells: 11/11 levels left

rFire   + . .      SeeInvis .    a - +2 war axe (flame)
rCold   . . .      Faith    .    c - +0 buckler
rNeg    + . .      Spirit   .    j - +4 plate armour
rPois   ∞          Reflect  +    x - +0 helmet
rElec   +          Rampage  .    H - +0 cloak
rCorr   .                        m - +0 pair of gloves of Xutyi {Will+ Int+3 Stlth+}
Will    +....                    (no boots) Stlth
                                 k - amulet of reflection
HPRegen 0.32/turn                d - ring of fire
MPRegen 0.13/turn                K - ring "Gizur" {rC+ Str+2}

@: hasted, very quick
A: sickness immunity, AC +8, negative energy resistance 1, electricity
resistance, torment resistance 1, petrification resistance
a: no special abilities


You were on level 1 of the Lair of Beasts.
You visited 3 branches of the dungeon, and saw 13 of its levels.

You collected 512 gold pieces.

Inventory:

Hand Weapons
 a - a +2 war axe of flaming (weapon)
 b - a +0 sling
 f - a +0 longbow
Missiles
 n - 96 stones
 s - 6 boomerangs of dispersal
 y - 4 atropa-tipped darts
 G - 10 boomerangs
 M - a throwing net
Armour
 c - a +0 buckler (worn)
 j - a +4 plate armour (worn)
 m - the +0 pair of gloves of Xutyi (worn) {Will+ Int+3 Stlth+}
   (You found it on level 2 of the Dungeon)

   Int:       It affects your intelligence (+3).
   Will:      It increases your willpower.
   Stlth:     It makes you more stealthy.
 x - a +0 helmet (worn)
 A - +0 steam dragon scales
 H - a +0 cloak (worn)
Jewellery
 d - a ring of fire (left hand)
 k - an amulet of reflection (around neck)
 p - an amulet of the acrobat
 D - a ring of flight
 F - a ring of protection from fire
 K - the ring "Gizur" (right hand) {rC+ Str+2}
   (You found it on level 7 of the Dungeon)

   [ring of protection from cold]

   Str:       It affects your strength (+2).
   rC:        It protects you from cold.
 L - a ring of resist corrosion
Wands
 e - a wand of charming (9)
 q - a wand of flame (24) (quivered)
 t - a wand of iceblast (8)
 w - a wand of polymorph (3)
 z - a wand of light (10)
 N - a wand of digging (9)
Scrolls
 h - 8 scrolls of teleportation
 i - a scroll of silence
 o - 2 scrolls of poison
 r - a scroll of blinking
 v - a scroll of fog
 B - 5 scrolls of identify
Potions
 g - 3 potions of resistance
 l - 3 potions of cancellation
 C - 4 potions of magic
 O - a potion of flight {unknown}


   Skills:
 + Level 8.5 Fighting
 + Level 12.8 Axes
 + Level 1.4 Throwing
 + Level 9.2 Armour
 + Level 1.4 Dodging
 + Level 0.7 Stealth
 + Level 9.7 Shields
 + Level 1.6 Evocations


You had 11 spell levels left.
You didn't know any spells.
Your spell library contained the following spells:

 Spells                   Type           Power      Damage    Failure   Level
 Summon Small Mammal      Summ           0%         N/A       98%         1
 Call Canine Familiar     Summ           0%         N/A       100%        3
 Summon Guardian Golem    Hex/Summ       0%         N/A       100%        3
 Animate Dead             Necr           0%         N/A       100%        4
 Dispel Undead            Necr           0%         3d6       100%        4
 Agony                    Necr           0%         N/A       100%        5
 Haunt                    Necr/Summ      0%         N/A       100%        7
 Orb of Destruction       Conj           0%         9d5       100%        7
 Spellforged Servitor     Conj/Summ      0%         N/A       100%        7
 Infestation              Necr           0%         N/A       100%        8


Dungeon Overview and Level Annotations

Branches:
Dungeon (11/15)            Temple (1/1) D:7            Lair (1/5) D:11
    Orc (0/2) D:11

Altars:
Ashenzari
Cheibriados
Dithmenos
Elyvilon
Fedhas
Gozag
Hepliaklqana
Kikubaaqudgha
Makhleb
Nemelex Xobeh
Okawaru
Qazlal
Ru
Sif Muna
Trog
Uskayaw
Vehumet
Wu Jian
Xom
Yredelemnul
Zin
The Shining One

Shops:
D:8 [

Portals:
Trove: D:11 (give 6 scrolls of fear)

Annotations:
Lair:1 Amaemon


Innate Abilities, Weirdness & Mutations

You are immune to sickness and miasma.
Your stone body is resilient. (AC +8)
You are immune to poison.
You resist negative energy. (rN+)
You are resistant to electric shocks. (rElec)
You are resistant to unholy torment.
You are immune to petrification.


Message History

Amaemon is moderately wounded.
Amaemon hits you with a -1 demon whip of venom!
* * * LOW HITPOINT WARNING * * *
Amaemon barely misses you. You block Amaemon's attack.
The orange demon stings you but does no damage.
You slash Amaemon! You burn Amaemon.
Amaemon is moderately wounded.
Amaemon gestures wildly while chanting.
The orange demon stings you but does no damage.
You hit Amaemon but do no damage.
Amaemon is moderately wounded.
Amaemon hits you with a -1 demon whip of venom.
* * * LOW HITPOINT WARNING * * *
Amaemon closely misses you. Amaemon tail-slaps you.
* * * LOW HITPOINT WARNING * * *
The orange demon stings you but does no damage.
You feel yourself speed up.
The scorpion no longer looks unusually toxic.
You block Amaemon's attack. x2
Amaemon tail-slaps you but does no damage.
The orange demon barely misses you.
You slash Amaemon! You burn Amaemon.
Amaemon is heavily wounded.
Amaemon hits you but does no damage. You block Amaemon's attack.
Amaemon tail-slaps you but does no damage.
The orange demon stings you but does no damage.
You slash Amaemon! You burn Amaemon.
Amaemon is severely wounded.
You barely miss Amaemon.
Amaemon is severely wounded.
Amaemon casts a spell at the scorpion.
The scorpion seems to grow toxic.
The orange demon stings you but does no damage.
You barely miss Amaemon.
Amaemon is severely wounded.
You slash Amaemon! You burn Amaemon.
Amaemon is almost dead.
The orange demon no longer looks unusually toxic.
Amaemon hits you with a -1 demon whip of venom!
You die...

* ***,,**.#.#.*,,,,**,,*,**
**,****...***,,,,,,,,,* *,,**
*...,**,,,***,***** **,,*
*...***,,,,**,***,* *,** *#.#*
**,,***,,,,,* **,***##.# *,..*
***,,,* *,,,,,#..# *...* **,**
****#,*#.#**#...******,* ######
##.*#@#,.....,,,,,*,*
###..P.#####..##6##.#...,,*,*,,*
,.......,......4ss....##*,*,*,,*
###.).#**#P.....s......#*,*,**,*
....<.#####.#.##..#...##*,*,**,*
........###...##........,,*,*,,*
#.......##.†.l..#.#...#.,,,,*,,*
#.......###.............,,,,,,,*
#:......##..............,,,,,,,*


You could see Amaemon (strong), an orange demon and 3 scorpions.

Vanquished Creatures
  Snorg (D:10)
  Harold (D:10)
  Erica (D:10)
  Sonja (D:10)
  A wizard (D:11)
  A cyclops (D:8)
  A black mamba (Lair:1)
  Maggie (D:6)
  A cane toad (Lair:1)
  A komodo dragon (Lair:1)
  A troll (D:10)
  2 wraiths
  A shadow (D:8)
  A wyvern (Lair:1)
  Eustachio (D:6)
  3 steam dragons
  16 yaks
  3 vampire mosquitoes (D:8)
  9 water moccasins
  2 sky beasts
  7 orc warriors
  2 black bears
  The ghost of senyk the Insei, an amateur DsMo (D:3)
  6 centaurs
  An ogre (D:5)
  A phantom (D:4)
  3 kobold brigands
  7 bullfrogs
  8 scorpions
  9 wights
  26 killer bees
  4 howler monkeys
  A gnoll bouda (D:6)
  An iron imp (D:6)
  Crazy Yiuf (D:6)
  A hound (D:5)
  3 jellies
  6 orc priests
  4 iguanas
  A sleepcap (D:4)
  Ijyb (D:3)
  9 orc wizards
  11 gnolls
  5 adders
  2 shadow imps
  A white imp (D:6)
  3 worms
  2 dart slugs (D:2)
  3 adder simulacra (D:3)
  31 orcs
  3 bats
  10 endoplasms
  5 giant cockroaches
  11 goblins
  11 hobgoblins
  7 jackals
  20 kobolds
  A quokka (D:2)
  7 ball pythons
  A ball python simulacrum (D:3)
  6 frilled lizards
  A giant cockroach simulacrum (D:3)
  6 rats
299 creatures vanquished.

Vanquished Creatures (others)
  8 fungi (D:11)
  13 plants (D:11)
21 creatures vanquished.

Grand Total: 320 creatures vanquished

Notes
Turn   | Place    | Note
-------+----------+-------------------------------------------
     0 | D:1      | dracfodder the Gargoyle Fighter began the quest for the
                  | Orb.
     0 | D:1      | Reached XP level 1. HP: 14/14 MP: 1/1
   117 | D:1      | Reached XP level 2. HP: 18/19 MP: 2/2
   143 | D:1      | Reached skill level 2 in Axes
   482 | D:1      | Reached XP level 3. HP: 23/23 MP: 3/3
   776 | D:1      | Found a faded altar of an unknown god.
  1433 | D:2      | Identified the +0 pair of gloves of Xutyi {Will+ Int+3
                  | Stlth+}
  1504 | D:2      | Reached XP level 4. HP: 20/29 MP: 4/4
  1576 | D:2      | Reached skill level 3 in Axes
  2157 | D:3      | Noticed Ijyb
  2168 | D:3      | Killed Ijyb
  2218 | D:3      | Found a runed translucent gate.
  2218 | D:3      | Found a runed translucent gate.
  2218 | D:3      | Found a runed translucent gate.
  2288 | D:3      | Reached XP level 5. HP: 33/33 MP: 5/5
  2814 | D:3      | Noticed senyk's ghost (amateur DsMo)
  2850 | D:3      | Killed senyk's ghost
  2851 | D:3      | Reached skill level 4 in Axes
  2965 | D:4      | Reached XP level 6. HP: 37/38 MP: 6/6
  3281 | D:4      | Reached skill level 5 in Axes
  3327 | D:4      | Reached XP level 7. HP: 44/44 MP: 7/7
  3493 | D:4      | Found an ornate altar of the Wu Jian Council.
  3789 | D:5      | Entered Level 5 of the Dungeon
  3820 | D:5      | Reached skill level 6 in Axes
  3931 | D:5      | Reached XP level 8. HP: 40/48 MP: 8/8
  3987 | D:5      | Reached skill level 5 in Shields
  3990 | D:5      | HP: 2/72 [black bear (3)]
  3994 | D:5      | Reached skill level 5 in Fighting
  4303 | D:5      | Reached skill level 1 in Dodging
  4466 | D:5      | Reached skill level 5 in Armour
  4621 | D:6      | Got the Book of the Flock and Cadavers
  4665 | D:6      | Found a snail-covered altar of Cheibriados.
  4719 | D:6      | Found a runed translucent door.
  4720 | D:6      | Noticed Crazy Yiuf
  4784 | D:6      | Reached skill level 7 in Axes
  4820 | D:6      | Reached skill level 1 in Throwing
  4884 | D:6      | Noticed Maggie
  4901 | D:6      | Killed Maggie
  4902 | D:6      | Reached XP level 9. HP: 36/54 MP: 9/9
  4978 | D:6      | Reached skill level 8 in Axes
  5064 | D:6      | Found a hazy altar of Hepliaklqana.
  5085 | D:6      | Found a hide-covered altar of Uskayaw.
  5266 | D:6      | Noticed Eustachio
  5291 | D:6      | Killed Eustachio
  5400 | D:6      | Found a shimmering altar of Xom.
  5593 | D:6      | Found a burning altar of Makhleb.
  5699 | D:6      | Killed Crazy Yiuf
  6241 | D:7      | Found a staircase to the Ecumenical Temple.
  6256 | Temple   | Entered the Ecumenical Temple
  6625 | D:7      | Identified the ring "Gizur" {rC+ Str+2}
  6906 | D:8      | Reached skill level 9 in Axes
  6966 | D:8      | Found a basalt altar of Yredelemnul.
  7029 | D:8      | Reached skill level 1 in Evocations
  7030 | D:8      | Reached XP level 10. HP: 61/61 MP: 10/10
  7174 | D:8      | Found Ipubonei's Antique Armour Shoppe.
  7322 | D:8      | Reached skill level 10 in Axes
  7474 | D:8      | Noticed a cyclops
  7484 | D:8      | Killed a cyclops
  7878 | D:9      | Found a blossoming altar of Fedhas.
  8309 | D:9      | Found a radiant altar of Vehumet.
  8318 | D:9      | Found a sparkling altar of Nemelex Xobeh.
  8342 | D:10     | Entered Level 10 of the Dungeon
  8398 | D:10     | Found an opulent altar of Gozag.
  8470 | D:10     | Noticed Harold
  8484 | D:10     | Killed Harold
  8485 | D:10     | Reached XP level 11. HP: 62/67 MP: 11/11
  8526 | D:10     | Reached skill level 11 in Axes
  8679 | D:10     | Noticed Erica
  8686 | D:10     | Killed Erica
  8802 | D:10     | Noticed Sonja
  8834 | D:10     | Killed Sonja
  8893 | D:10     | Noticed Snorg
  8909 | D:10     | Killed Snorg
  9173 | D:10     | Found an ancient bone altar of Kikubaaqudgha.
  9356 | D:10     | Found an iron altar of Okawaru.
  9642 | D:11     | Reached skill level 12 in Axes
  9734 | D:11     | Found a staircase to the Orcish Mines.
  9804 | D:11     | Noticed a wizard
  9813 | D:11     | Killed a wizard
  9976 | D:11     | Found a staircase to the Lair.
  9993 | D:11     | Reached XP level 12. HP: 65/74 MP: 12/12
 10168 | D:11     | Identified the +2 quarterstaff of the Jumping Shrike
                  | {drain, rElec MP+9 Str-5 SInv}
 10264 | D:11     | Found a portal to a secret trove of treasure.
 10357 | Lair:1   | Entered Level 1 of the Lair of Beasts
 10411 | Lair:1   | Noticed Amaemon
 10438 | Lair:1   | Slain by Amaemon

Illustrated notes

Levels and vault maps discovered:
D:1:      dpeg_arrival_renting, layout_loops_ring,
          hellmonk_ecumenical_altar_lost_god
D:2:      minmay_razor_zed, layout_basic, minmay_misc_feat_iff
D:3:      layout_loops_ring, gammafunk_ghost_icy, minmay_stone_trees_small,
          minmay_misc_feat_columns, uniq_ijyb
D:4:      layout_basic, nzn_wu_jian_council_hall, minmay_goblin_kobold_house
D:5:      layout_gridville
D:6:      layout_basic, chei_slow_surprise, old_standard_altar,
          kennysheep_little_box, nicolae_uskayaw_murder_on_the_dancefloor,
          dk_xom_monty_hall, uniq_eustachio, uniq_maggie,
          uniq_crazy_yiuf_cottage
D:7:      layout_cave_pods, minmay_temple_entry_fiery, kennysheep_generic_room_9
D:8:      layout_rooms, amcnicky_altar_gilded, serial_shops,
          kennysheep_mini_moat, minmay_pinched_square
D:9:      layout_cave_pools, amethyst_overflow_temple_binary, fedhas_altar_3
D:10:     layout_stronghold, mainiacjoe_overflow_swirl, general_overflow_altar,
          uniq_sonja, uniq_harold, uniq_erica, uniq_snorg
D:11:     layout_long_grid, due_lair_maze_entry_diamond, david_orc_2,
          trove_entry_hex_spiral
Temple:   jpeg_temple_island
Lair:1:   layout_loops_ring, portal_ice_cave_entry_pillars_2,
          serial_bayou_shore_a, uniq_amaemon

Skill      XL: |  1  2  3  4  5  6  7  8  9 10 11 12 |
---------------+-------------------------------------+-----
Axes           | 2 3 4 5 6 7 9 10 12 | 12.8
Armour         | 4 5 6 8 9 |  9.2
Fighting       | 4 5 6 7 8 |  8.5
Shields        | 4 5 6 8 9 |  9.7
Dodging        | 1 |  1.4
Throwing       | 1 |  1.4
Evocations     | 1 |  1.6
Stealth        | |  0.7

Action                     |  1- 3 |  4- 6 |  7- 9 | 10-12 || total
---------------------------+-------+-------+-------+-------++-------
  Melee: War axe           |    96 |   141 |   269 |   430 ||   936
  Throw: Stone             |     4 |       |    27 |       ||    31
  Evoke: Wand              |       |       |     6 |    14 ||    20
    Use: Scroll            |     8 |    11 |     6 |     8 ||    33
         Potion            |       |     1 |     2 |     8 ||    11
 Armour: Scale mail        |    18 |       |       |       ||    18
         Plate armour      |    41 |    64 |   218 |   332 ||   655
  Dodge: Dodged            |    34 |    31 |   108 |   175 ||   348
  Block: Buckler           |    23 |    66 |   163 |   299 ||   551
         Reflection        |       |     2 |     1 |     8 ||    11

Table legend: (Time is in decaauts)
 A = Elapsed time spent in this place.
 B = Non-inter-level travel time spent in this place.
 C = Inter-level travel time spent in this place.
 D = Time resting spent in this place.
 E = Time spent auto-exploring this place.
 F = Levels seen in this place.
 G = Mean time per level.
                   A        B        C        D        E       F      G
               +--------+--------+--------+--------+--------+-----+--------+
         Total |  10624 |  10150 |    474 |    658 |   7369 |  13 |  817.2 |
       Dungeon |  10301 |   9857 |    444 |    658 |   7155 |  11 |  936.5 |
        Temple |    248 |    218 |     30 |      0 |    214 |   1 |  248.0 |
          Lair |     74 |     74 |      0 |      0 |      0 |   1 |   74.0 |
               +--------+--------+--------+--------+--------+-----+--------+

Top non-repeatable levels by time:
     D:6: 1258 daAuts
     D:2: 1240 daAuts
    D:10: 1240 daAuts
     D:3: 950 daAuts
     D:7: 864 daAuts
     D:4: 848 daAuts
     D:1: 846 daAuts
     D:5: 827 daAuts
     D:8: 800 daAuts
    D:11: 763 daAuts
     D:9: 659 daAuts
  Temple: 248 daAuts
  Lair:1: 74 daAuts
